 Dungeon Crawl Stone Soup version 0.17-a0-26-g7f25774 (webtiles) character file.

79 funktuous the Caller (level 4, -8/25 HPs)
             Began as an Imp Summoner on June 5, 2015.
             Shot with an arrow by a centaur (11 damage)
             ... on level 6 of the Dungeon on July 1, 2015.
             The game lasted 00:06:21 (2161 turns).

funktuous the Caller (Imp Summoner)                 Turns: 2161, Time: 00:06:21

Health: -8/25      AC:  5    Str:  7    XL:     4   Next: 17%
Magic:  0/7        EV: 18    Int: 20    God:
Gold:   100        SH:  0    Dex: 17    Spells: 2 memorised, 4 levels left

rFire  . . .     SeeInvis .     f - +0 spear
rCold  . . .     Clarity  .     a - +0 robe
rNeg   + + +     SustAb   .     (shield restricted)
rPois  ∞         Gourm    .     (helmet restricted)
rElec  .         Spirit   .     e - +2 cloak {+Inv}
rCorr  .         Warding  .     (gloves unavailable)
rMut   .         Rnd*Tele +     (boots unavailable)
MR     .....                    (no amulet)
Stlth  ++........               (no ring)
                                (no ring)

@: brilliant, not resistant to hostile enchantments, unstealthy
A: unfitting armour, blink 2, negative energy resistance 3, regeneration 1,
screaming 3, teleportitis 2, torment resistance
a: Blink, Evoke Invisibility


You were on level 6 of the Dungeon.
You were not hungry.

You visited 1 branch of the dungeon, and saw 4 of its levels.

You collected 100 gold pieces.

Inventory:

Hand weapons
 f - a +0 spear (weapon)
Armour
 a - a +0 robe (worn)
 e - a +2 cloak of invisibility (worn)
Scrolls
 g - a scroll of noise {unknown}
 h - 2 scrolls of identify {unknown}
 i - a scroll of blinking {unknown}
 n - a scroll of recharging {unknown}
 o - a scroll of magic mapping {unknown}
Potions
 k - a potion of lignification {unknown}
Books
 b - a book of Callings

   Spells                             Type                      Level
   a - Summon Small Mammal            Summoning                    1
   b - Call Imp                       Summoning                    2
   c - Call Canine Familiar           Summoning                    3
   d - Summon Guardian Golem          Hexes/Summoning              4
   e - Summon Lightning Spire         Summoning/Air                4
   f - Summon Ice Beast               Ice/Summoning                4
Comestibles
 c - 3 bread rations
 d - 2 meat rations
 l - a slice of pizza
 m - a chunk of flesh


   Skills:
 + Level 1.0 Fighting
 - Level 2.6 Dodging
 - Level 2.1 Stealth
 + Level 2.0 Spellcasting
 + Level 6.1 Summonings


You had 4 spell levels left.
You knew the following spells:

 Your Spells              Type           Power        Failure   Level  Hunger
a - Summon Small Mammal   Summ           ####         1%          1    #......
b - Call Imp              Summ           #####...     1%          2    ##.....


Dungeon Overview and Level Annotations

Branches:
Dungeon (6/15)
 Temple: D:4-7

Altars:
Ashenzari
Kikubaaqudgha


Innate Abilities, Weirdness & Mutations

You are immune to poison.
You are tiny and cannot use many weapons and most armour.
You are good at translocating small distances at will.
You are immune to negative energy.
Your natural rate of healing is unusually fast.
You frequently scream uncontrollably at your foes.
Space sometimes distorts in your vicinity.
You are immune to unholy pain and torment.


Message History

Attack!
The centaur shoots an arrow.
The arrow barely misses you.
The goliath beetle bites your shadow imp!!
Your shadow imp dies!
Casting: Summon Small Mammal
Confirm with . or Enter, or press ? or * to list all spells.
The centaur shoots an arrow.
The arrow hits you!
* * * LOW HITPOINT WARNING * * *
The centaur shoots an arrow.
The arrow completely misses you.
Unknown command.
Casting: Summon Small Mammal
Confirm with . or Enter, or press ? or * to list all spells.
The centaur shoots an arrow.
The arrow hits your crimson imp!
Your crimson imp dies!
Unknown command.
Unknown command.
Drink which item? (? for menu, Esc to quit)
It was a potion of brilliance.
You feel clever all of a sudden.
The centaur shoots an arrow.
The arrow hits you!
You die...

#.# #.# #.#
..
###.###..#
#...B......
#.r........
#.r?.......
#@.(..^....#
#(....(c....
#...........
#..........
#..........
#..........
#.........
#######.# .


You could see a goliath beetle, a centaur and 2 friendly quokkas.

Vanquished Creatures
  2 worms (D:2)
  An ooze (D:1)
  An orc (D:3)
  A ball python (D:1)
  4 bats
  4 hobgoblins
  7 jackals
  A quokka (D:2)
  2 giant cockroaches
  3 giant newts
  2 goblins
  5 kobolds
  2 rats
35 creatures vanquished.

Vanquished Creatures (collateral kills)
  An adder (D:2)
  4 worms (D:2)
  3 bats
  A bat zombie (D:2)
  2 giant cockroaches
  A giant newt (D:2)
  3 goblins (D:2)
  A jackal (D:1)
  A kobold (D:2)
17 creatures vanquished.

Vanquished Creatures (others)
  A crimson imp (D:6)
  A shadow imp (D:6)
  8 bats
  8 quokkas
  6 rats
24 creatures vanquished.

Grand Total: 76 creatures vanquished

Notes
Turn   | Place    | Note
--------------------------------------------------------------
     0 | D:1      | funktuous, the Imp Summoner, began the quest for the Orb.
     0 | D:1      | Reached XP level 1. HP: 10/10 MP: 3/3
   393 | D:1      | Reached XP level 2. HP: 15/15 MP: 1/4
   457 | D:1      | Reached skill level 5 in Summonings
  1110 | D:2      | Reached XP level 3. HP: 17/19 MP: 3/6
  1119 | D:2      | Learned a level 2 spell: Call Imp
  1250 | D:2      | Found a shattered altar of Ashenzari.
  1325 | D:2      | Found an ancient bone altar of Kikubaaqudgha.
  1550 | D:2      | Reached skill level 6 in Summonings
  1924 | D:2      | Reached XP level 4. HP: 24/24 MP: 5/7
  2065 | D:2      | Reached skill level 1 in Fighting
  2150 | D:3      | You fall through a shaft for 3 floors!
  2150 | D:6      | Noticed a centaur
  2161 | D:6      | Shot with an arrow by a centaur

Action                   |  1- 3 |  4- 6 || total
-------------------------+-------+-------++-------
Melee: Spear             |   169 |    23 ||   192
       Unarmed           |     8 |       ||     8
 Cast: Summon Small Mamm |    61 |    13 ||    74
       Call Imp          |       |     2 ||     2
  Use: Potion            |       |     1 ||     1
 Stab: Sleeping          |     4 |     1 ||     5
  Eat: Chunk             |     5 |     1 ||     6
